AoeStats
← Robyht

Black Forest

510070080Analyzed
2v2 RM · 2d ago on Sep 29, 2026· 51m 31s· 4 players
Game mode
Random Map
Map size
Medium (4 player)
Population
200
Speed
Normal
Resources
Standard
Victory
Conquest
Starting age
Dark Age
Ending age
Imperial Age
RankedLock teamsTeams togetherTeam positionsShared explorationLock speedFull tech treeHidden civsTurbo modeCheats
Victory
Defeat
🇮🇹 Romans · Italy
936
+13
🇮🇹 Bohemians · Italy
936
+13
🇦🇷 Khmer · Argentina
887
-14
🇳🇱 Romans · Netherlands
850
-12
Juanpiola
4:40 Loom
15:05 Feudal Age
18:18 Castle Age
16:45 Double-Bit Axe
16:43 Horse Collar
20:27 Bow Saw
20:21 Heavy Plow
21:29 Stone Mining
23:47 Town Watch
24:37 Wheelbarrow
32:48 Gold Mining
34:21 Gold Shaft Mining
34:42 Hand Cart
37:22 Imperial Age
37:26 Ballistics
38:51 Fortified Wall
40:28 Bloodlines
40:20 Husbandry
39:41 Elite Battle Elephant
42:32 Scale Barding Armor
44:31 Crop Rotation
45:36 Chain Barding Armor
46:28 Town Patrol
47:46 Plate Barding Armor
47:22 Forging
47:35 Tusk Swords
49:40 Conscription
50:26 Iron Casting
49:29 Heavy Scorpion
50:23 Caravan
jaydakingma
12:41 Loom
14:27 Feudal Age
16:51 Wheelbarrow
19:41 Castle Age
18:08 Double-Bit Axe
18:11 Horse Collar
18:44 Gold Mining
18:45 Stone Mining
21:10 Hand Cart
22:41 Heavy Plow
23:55 Bow Saw
24:22 Gold Shaft Mining
25:57 Town Watch
28:52 Town Patrol
34:18 Imperial Age
35:09 Heavy Scorpion
37:04 Chemistry
36:48 Elite Centurion
40:14 Crop Rotation
42:04 Onager
43:25 Ballistas
42:51 Sappers
DaffySpace6253
0:33 Loom
12:32 Feudal Age
17:44 Castle Age
15:45 Double-Bit Axe
15:44 Horse Collar
18:51 Bow Saw
18:59 Heavy Plow
25:34 Caravan
30:42 Imperial Age
30:17 Chemistry
30:42 Wheelbarrow
29:53 Town Watch
33:12 Two-Man Saw
33:28 Town Patrol
34:01 Hand Cart
34:52 Ballistics
34:44 Fortified Wall
35:56 Houfnice
37:23 Conscription
36:44 Pikeman
36:45 Man-at-Arms
38:50 Forging
38:30 Fletching
38:41 Halberdier
38:41 Long Swordsman
39:15 Two-Handed Swordsman
40:59 Champion
41:40 Squires
42:52 Iron Casting
42:17 Scale Mail Armor
45:19 Blast Furnace
44:35 Chain Mail Armor
Robyht
0:32 Loom
11:57 Feudal Age
12:25 Town Watch
17:41 Castle Age
16:31 Double-Bit Axe
16:30 Horse Collar
20:22 Town Patrol
22:14 Wheelbarrow
23:14 Bow Saw
25:30 Fortified Wall
25:18 Pikeman
27:39 Fletching
31:53 Hand Cart
36:00 Imperial Age
33:47 Man-at-Arms
35:01 Long Swordsman
36:05 Ballistics
36:28 Scale Mail Armor
36:39 Forging
36:25 Bodkin Arrow
36:27 Gold Mining
37:52 Gold Shaft Mining
38:07 Heavy Scorpion
39:50 Legionary
42:11 Chemistry
43:02 Conscription
43:11 Heavy Plow
48:33 Halberdier
51:01 Chain Mail Armor
Connection lost

Rejoining the realm…

Still unreachable

The connection could not be restored.

Session expired

The server has moved on; the page needs a fresh start.